 Dungeon Sprint DCSS version 0.29-a0-364-g921d912d32 (webtiles) character file.

Game seed: 13162244900426265202

2373 mhtbhm the Imperceptible (level 9, -4/70 HPs)
             Began as a Spriggan Brigand on Apr 30, 2022.
             Was a High Priest of Dithmenos.
             Killed by divine providence
             ... invoked by a smoke demon
             ... summoned by a kobold demonologist
              (14 damage)
             ... in the Dungeon (Sprint VII: "The Pits").
             The game lasted 00:03:48 (1590 turns).

mhtbhm the Imperceptible (Spriggan Brigand)         Turns: 1590, Time: 00:03:49

Health: -4/70      AC:  3    Str: 14    XL:     9   Next: 21%
Magic:  15/15      EV: 23    Int: 13    God:    Dithmenos [*****.]
Gold:   0          SH:  0    Dex: 19    Spells: 8/8 levels left

rFire   . . .      SeeInvis +   a - +2 rapier (drain)
rCold   . . .      Faith    .   (no shield)
rNeg    . . .      Spirit   .   b - +0 robe
rPois   .          Reflect  .   (helmet restricted)
rElec   .          Harm     .   c - +0 cloak
rCorr   .          Rampage  .   (gloves unavailable)
Will    +....      NoTele   +   (boots unavailable)
Stlth   ..........              (no amulet)
HPRegen 0.21/turn               o - +3 ring of strength
MPRegen 0.14/turn               q - +3 ring of dexterity

@: berserking, wreathed by umbra, very quick
A: very small, no large weapons, unfitting armour, see invisible, speed 3
a: Renounce Religion, Shadow Step, Shadow Form


You were in the Dungeon.
You worshipped Dithmenos.
Dithmenos was extremely pleased with you.
You visited 1 branch

Inventory:

Hand Weapons
 a - a +2 rapier of draining (weapon)
Missiles
 d - 9 poisoned darts (quivered)
 e - 3 curare-tipped darts
Armour
 b - a +0 robe (worn)
 c - a +0 cloak (worn)
Jewellery
 o - a +3 ring of strength (left hand)
 q - a +3 ring of dexterity (right hand)
Scrolls
 k - a scroll of blinking
 m - 5 scrolls of amnesia
 n - a scroll of summoning
Potions
 f - 6 potions of curing
 g - 6 potions of heal wounds
 h - 3 potions of haste
 i - 4 potions of magic
 l - 2 potions of invisibility
 p - a potion of brilliance


   Skills:
 + Level 5.1 Fighting
 + Level 8.1 Short Blades
 + Level 5.4 Throwing
 + Level 8.1 Dodging
 + Level 23.2 Stealth
 * Level 7.7 Invocations


You had 8 spell levels left.
You didn't know any spells.
Your spell library was empty.

Dungeon Overview and Level Annotations

Branches:
Dungeon (1/1)

Altars:
Ashenzari
Cheibriados
Dithmenos
Elyvilon
Fedhas
Gozag
Hepliaklqana
Kikubaaqudgha
Makhleb
Nemelex Xobeh
Okawaru
Qazlal
Ru
Sif Muna
Trog
Uskayaw
Vehumet
Wu Jian
Xom
Yredelemnul
Zin
The Shining One
Beogh
Jiyva
Lugonu


Innate Abilities, Weirdness & Mutations

You are very small and have problems with some larger weapons.
You are too small for most types of armour.
You have supernaturally acute eyesight. (SInv)
You cover ground extremely quickly. (Speed+++)


Message History

The kobold brigand is heavily wounded.
Your shadow hits the kobold brigand with a rapier.
The kobold misses you. The kobold brigand misses you.
The kobold demonologist gestures wildly while chanting.
You puncture the kobold brigand!
You kill the kobold brigand!
Dithmenos accepts your kill. The kobold completely misses you.
You hit the sixfirhy.
The sixfirhy is lightly wounded.
Unknown command.
The sixfirhy completely misses you. The sixfirhy hits you!
The sixfirhy shocks you!
You feel much better. The sixfirhy hits you. The sixfirhy shocks you!
The sixfirhy completely misses you. The sixfirhy closely misses you.
The sixfirhy hits you but does no damage.
Unknown command.
You feel much better. The sixfirhy hits you. The sixfirhy shocks you!
The kobold completely misses you.
A red film seems to cover your vision as you go berserk!
You feel yourself moving faster!
You feel mighty!
The kobold hits you with a +0 short sword.
You completely miss the sixfirhy. The kobold misses you.
The kobold demonologist casts a spell.
You miss the sixfirhy. The sixfirhy hits you! The sixfirhy shocks you!
The sixfirhy misses you.
You miss the sixfirhy. The sixfirhy misses you. x2
The flayed ghost barely misses you. The kobold misses you.
You miss the sixfirhy. The sixfirhy misses you. x2
You puncture the flayed ghost!
The flayed ghost is lightly damaged.
The sixfirhy barely misses you. The sixfirhy hits you. The sixfirhy shocks you!
* * * LOW HITPOINT WARNING * * *
The kobold completely misses you. The flayed ghost hits you.
* * * LOW HITPOINT WARNING * * *
Unknown command.
You closely miss the sixfirhy. The smoke demon gestures at you.
Something smites you!
You die...

#++##########
#...KWK35....
#...@3KKK4...
#..##########
#..# #..# ####
#..# #..# #..#
#..# #..# '..#
#..#
'..##########..#


You could see a flayed ghost, a hellwing (summoned), a kobold demonologist, a
sixfirhy (summoned), a smoke demon (summoned), a white imp (summoned) and 4
kobolds.

Vanquished Creatures
  A flayed ghost (D)
  An orc knight (D)
  A snapping turtle (D)
  A fire bat (D)
  A redback (D)
  A warg (D)
  A small abomination (D)
  A floating eye (D)
  An ice beast (D)
  3 orc warriors (D)
  A kobold brigand (D)
  2 necrophages (D)
  A crimson imp (D)
  2 orc priests (D)
  2 adders (D)
  An ufetubus (D)
  2 worms (D)
  An adder simulacrum (D)
  A ball python (D)
  A bat zombie (D)
  An endoplasm (D)
  A giant cockroach (D)
  A hobgoblin (D)
  2 kobolds (D)
  A ball python skeleton (D)
  A bat (D)
  3 frilled lizards (D)
  A giant cockroach zombie (D)
  A rat (D)
38 creatures vanquished.

Notes
Turn   | Place    | Note
-------+----------+-------------------------------------------
     0 | D        | mhtbhm the Spriggan Brigand began the quest for the Orb.
     0 | D        | Reached XP level 1. HP: 10/10 MP: 2/2
    16 | D        | Reached skill level 6 in Stealth
    51 | D        | Reached skill level 7 in Stealth
    66 | D        | Reached skill level 8 in Stealth
    66 | D        | Reached XP level 2. HP: 14/15 MP: 3/3
   144 | D        | Noticed a necrophage
   161 | D        | Killed a necrophage
   162 | D        | Reached skill level 12 in Stealth
   162 | D        | Reached XP level 3. HP: 10/19 MP: 4/4
   162 | D        | Reached XP level 4. HP: 13/23 MP: 5/5
   483 | D        | Noticed a floating eye
   483 | D        | Noticed a necrophage
   498 | D        | Killed a floating eye
   499 | D        | Reached skill level 15 in Stealth
   499 | D        | Reached XP level 5. HP: 28/28 MP: 6/6
   652 | D        | Reached skill level 16 in Stealth
   714 | D        | Found a bloodstained altar of Trog.
   714 | D        | Found a shimmering blue altar of Sif Muna.
   714 | D        | Found a viscous altar of Jiyva.
   714 | D        | Found a hazy altar of Hepliaklqana.
   714 | D        | Found an opulent altar of Gozag.
   715 | D        | Found a glowing golden altar of the Shining One.
   715 | D        | Found a glowing silver altar of Zin.
   715 | D        | Found a basalt altar of Yredelemnul.
   715 | D        | Found a shimmering altar of Xom.
   715 | D        | Found an ornate altar of the Wu Jian Council.
   715 | D        | Found a sacrificial altar of Ru.
   715 | D        | Found a stormy altar of Qazlal.
   715 | D        | Found an iron altar of Okawaru.
   715 | D        | Found a sparkling altar of Nemelex Xobeh.
   715 | D        | Found a burning altar of Makhleb.
   715 | D        | Found a blossoming altar of Fedhas.
   715 | D        | Found a white marble altar of Elyvilon.
   715 | D        | Found a shadowy altar of Dithmenos.
   715 | D        | Found a snail-covered altar of Cheibriados.
   717 | D        | Found a radiant altar of Vehumet.
   717 | D        | Found a corrupted altar of Lugonu.
   718 | D        | Found a hide-covered altar of Uskayaw.
   718 | D        | Found an ancient bone altar of Kikubaaqudgha.
   718 | D        | Found a broken altar of Ashenzari.
   731 | D        | Became a worshipper of Dithmenos the Shadowed
   764 | D        | Noticed a fire bat
   766 | D        | Killed a fire bat
   767 | D        | Reached skill level 5 in Dodging
   767 | D        | Reached skill level 17 in Stealth
   767 | D        | Reached XP level 6. HP: 32/33 MP: 6/9
   805 | D        | Reached * piety under Dithmenos
   806 | D        | Reached skill level 5 in Short Blades
   816 | D        | Noticed a snapping turtle
   818 | D        | Killed a snapping turtle
   818 | D        | Reached ** piety under Dithmenos
   819 | D        | Reached skill level 18 in Stealth
   819 | D        | Reached XP level 7. HP: 37/37 MP: 10/10
   823 | D        | Reached skill level 19 in Stealth
   830 | D        | Reached *** piety under Dithmenos
   835 | D        | Noticed a flayed ghost
   839 | D        | Killed a flayed ghost
   840 | D        | Reached skill level 21 in Stealth
   840 | D        | Reached skill level 5 in Invocations
   840 | D        | Reached XP level 8. HP: 42/42 MP: 11/13
   962 | D        | Reached **** piety under Dithmenos
   965 | D        | Noticed a necromancer
   965 | D        | Noticed an orc knight
  1033 | D        | Reached skill level 22 in Stealth
  1052 | D        | Killed an orc knight
  1052 | D        | Reached ***** piety under Dithmenos
  1053 | D        | Reached skill level 5 in Fighting
  1053 | D        | Reached skill level 5 in Throwing
  1053 | D        | Reached XP level 9. HP: 36/47 MP: 13/15
  1111 | D        | Reached skill level 23 in Stealth
  1452 | D        | Noticed a kobold demonologist
  1568 | D        | Noticed a flayed ghost
  1576 | D        | Noticed a sixfirhy
  1579 | D        | Noticed a smoke demon
  1586 | D        | Noticed a hellwing
  1590 | D        | Killed from afar by a smoke demon

Illustrated notes

Levels and vault maps discovered:
D:        pitsprint [storerooms_1, entrance_room_1, metal_vault_6, armoury_2,
          mini_pit_1, grid_room_1, main_hall_1, silver_pit, the_coven_1,
          the_vestibule_1, steel_vault_4, golden_pit, hallway_of_sentries,
          crystal_vault_4, iron_vault_5, final_vault]

Skill      XL: |  1  2  3  4  5  6  7  8  9 |
---------------+----------------------------+-----
Stealth        | 8 12 15 17 18 21 22 23 | 23.2
Dodging        | 2 3 4 5 7 8 |  8.1
Fighting       | 2 3 4 5 |  5.1
Short Blades   | 3 4 5 6 7 8 |  8.1
Throwing       | 3 4 5 |  5.4
Invocations    | 2 3 5 7 |  7.7

Action                   |  1- 3 |  4- 6 |  7- 9 || total
-------------------------+-------+-------+-------++-------
Melee: Dagger            |    29 |    30 |    11 ||    70
       Rapier            |       |       |    54 ||    54
Throw: Dart              |       |       |    12 ||    12
Invok: Shadow Step       |       |       |     1 ||     1
  Use: Potion            |     1 |     2 |     8 ||    11
 Stab: Sleeping          |     1 |     5 |     8 ||    14
Armor: Robe              |     6 |       |     3 ||     9
Dodge: Dodged            |    15 |     8 |    52 ||    75

Table legend: (Time is in decaauts)
 A = Elapsed time spent in this place.
 B = Non-inter-level travel time spent in this place.
 C = Inter-level travel time spent in this place.
 D = Time resting spent in this place.
 E = Time spent auto-exploring this place.
 F = Levels seen in this place.
 G = Mean time per level.
                   A        B        C        D        E       F      G
               +--------+--------+--------+--------+--------+-----+--------+
         Total |   1375 |   1375 |      0 |    897 |      0 |   1 | 1375.0 |
       Dungeon |   1375 |   1375 |      0 |    897 |      0 |   1 | 1375.0 |
               +--------+--------+--------+--------+--------+-----+--------+

Top non-repeatable levels by time:
       D: 1375 daAuts
